 Dungeon Crawl Stone Soup version 0.27.1-33-g824d729ab1 (webtiles) character file.

Game seed: 17882297655728502696

215 pkoi the Insei (level 5, -1/45 HPs)
             Began as a Draconian Monk on Dec 13, 2021.
             Splashed by Ijyb's acid (16 damage)
             ... on level 3 of the Dungeon.
             The game lasted 00:02:33 (2845 turns).

pkoi the Insei (Draconian Monk)                     Turns: 2845, Time: 00:02:33

Health: -1/45      AC:  1    Str: 13    XL:     5   Next: 60%
Magic:  5/5        EV: 16    Int: 11    God:
Gold:   158        SH:  0    Dex: 14    Spells: 4/4 levels left

rFire    . . .     SeeInvis .   a - +2 spear (freeze)
rCold    . . .     Faith    .   (no shield)
rNeg     + . .     Spirit   .   (armour unavailable)
rPois    .         Reflect  .   (helmet restricted)
rElec    .         Harm     .   (no cloak)
rCorr    .         Rampage  .   (no gloves)
Will     .....                  (no boots)
Stlth    ++........             (no amulet)
HPRegen  0.15/turn              e - +4 ring of evasion
MPRegen  0.09/turn              c - ring of positive energy

@: corroded
A: AC +5, unfitting armour, cold-blooded
a: no special abilities


You were on level 3 of the Dungeon.
You visited 1 branch of the dungeon, and saw 3 of its levels.

You collected 158 gold pieces.

Inventory:

Hand Weapons
 a - a +2 spear of freezing (weapon)
 g - a +0 whip
 h - a +2 dagger of pain
Missiles
 l - 15 poisoned darts (quivered)
Jewellery
 c - a ring of positive energy (right hand)
 e - a +4 ring of evasion (left hand)
Scrolls
 j - a scroll of enchant armour {unknown}
Potions
 b - a potion of lignification {unknown}
 d - a potion of cancellation
 f - a potion of magic {unknown}
 i - a potion of might {unknown}
 k - a potion of heal wounds {unknown}


   Skills:
 - Level 3.2 Fighting
 - Level 2.6 Dodging
 - Level 1.7 Stealth
 + Level 6.4 Unarmed Combat


You had 4 spell levels left.
You didn't know any spells.
Your spell library contained the following spells:

 Spells                   Type           Power      Damage    Failure   Level
 Inner Flame              Hex/Fire       0%         N/A       71%         3
 Cause Fear               Hex            0%         N/A       98%         4
 Discord                  Hex            0%         N/A       100%        8


Dungeon Overview and Level Annotations

Branches:
Dungeon (3/15)

Altars:
Beogh

Annotations:
D:3 Ijyb, Sigmund


Innate Abilities, Weirdness & Mutations

Your plain brown scales are hard. (AC +5)
You cannot fit into any form of body armour.
You are cold-blooded and may be slowed by cold attacks.


Message History

Aim: a kobold, wielding a +0 club (moderately wounded, poisoned, 51% to hit)
You throw a poisoned dart.
The poisoned dart closely misses the kobold.
Throw: 13 darts (poison)
Press: ? - help, Q - select action Shift-Dir - straight line, f/p - kobold
Aim: a kobold, wielding a +0 club (severely wounded, poisoned, 51% to hit)
You throw a poisoned dart.
The poisoned dart closely misses the kobold.
You kill the kobold!
There is a stone staircase leading up here.
Things that are here:
a +0 club; a kobold corpse
l - 15 poisoned darts (gained 3)
Found a robe.
Found a stone staircase leading down.
There is a stone staircase leading down here.
Ijyb the Twisted Goblin comes into view.
She is wielding a +0 club and carrying a wand of acid (9).
Ijyb shouts!
You hear a shout!
Ijyb zaps a wand.
The bolt of acid misses you. Ijyb misses you.
You hit Ijyb but do no damage.
Your tail-slap misses Ijyb.
Ijyb zaps a wand.
The bolt of acid misses you.
You hit Ijyb. You freeze Ijyb.
Ijyb is moderately wounded.
Ijyb hits you with a +0 club.
You hit Ijyb but do no damage.
Your tail-slap misses Ijyb.
Ijyb is moderately wounded.
Ijyb hits you with a +0 club.
You hit Ijyb. You freeze Ijyb.
Ijyb is heavily wounded.
Ijyb closely misses you.
Sigmund the Dreaded comes into view.
He is wielding a +0 scythe.
Sigmund shouts!
Sigmund mumbles some strange words.
Sigmund flickers and vanishes!
Deactivating autopickup; reactivate with Ctrl-A.
Ijyb zaps a wand.
The bolt of acid hits you!!
* * * LOW HITPOINT WARNING * * *
The acid corrodes you!
You are splashed with acid!
You die...

#.# #.###..# #)## #......# #
#.... ...## ###.##.# #.#.#.#
....#######.##.# #.#.#.#
............##.###.#.#.#
....######..##[........##
....##..................##
....##.###...#######.#...#####
.......# #...##.@g............
....#### #...##>####.#...####
....# #...##.# #.##.## #.###
#......# #.##.# #.# #.#.####
#.##.# ..# #.#.# #.##.. #.#
##.#.### #.##### #.# ##...)..#
#.# #[# #.......#####.#


You could see Ijyb.

Vanquished Creatures
  A scorpion (D:2)
  Jessica (D:3)
  A hound skeleton (D:2)
  3 adders
  3 gnolls
  An adder skeleton (D:2)
  A worm (D:3)
  2 dart slugs (D:1)
  A ball python (D:2)
  6 bats
  2 endoplasms
  14 giant cockroaches
  4 hobgoblins
  2 kobolds
  A quokka (D:2)
  5 frilled lizards
  4 goblins
  4 rats (D:1)
56 creatures vanquished.

Notes
Turn   | Place    | Note
-------+----------+-------------------------------------------
     0 | D:1      | pkoi the Draconian Monk began the quest for the Orb.
     0 | D:1      | Reached XP level 1. HP: 19/19 MP: 1/1
   253 | D:1      | Reached XP level 2. HP: 22/26 MP: 2/2
   636 | D:1      | Found a faded altar of an unknown god.
   761 | D:2      | Reached skill level 4 in Unarmed Combat
   781 | D:2      | Reached XP level 3. HP: 31/31 MP: 3/3
  1337 | D:2      | Noticed a scorpion
  1366 | D:2      | Killed a scorpion
  1367 | D:2      | Reached skill level 5 in Unarmed Combat
  1367 | D:2      | Reached XP level 4. HP: 12/38 MP: 4/4
  2002 | D:2      | Reached XP level 5. HP: 42/45 MP: 5/5
  2225 | D:3      | Reached skill level 6 in Unarmed Combat
  2389 | D:3      | Noticed Jessica
  2395 | D:3      | Killed Jessica
  2831 | D:3      | Noticed Ijyb
  2837 | D:3      | Noticed Sigmund
  2845 | D:3      | Splashed by Ijyb's acid

Illustrated notes

Levels and vault maps discovered:
D:1:      scummos_arrival_forest, layout_rooms,
          hellmonk_ecumenical_altar_defaced_shrine, minmay_misc_feat_ornament
D:2:      minmay_roachtagon, layout_basic, serial_undead, serial_undead_b,
          serial_undead_e, serial_undead_b, serial_undead_e, serial_undead_f,
          minmay_cupped
D:3:      layout_loops_ring, uniq_jessica, uniq_ijyb, uniq_sigmund

Skill      XL: |  1  2  3  4  5 |
---------------+----------------+-----
Unarmed Combat | 4 5 6 |  6.4
Fighting       | |  3.2
Dodging        | |  2.6
Stealth        | |  1.7

Action                   |  1- 3 |  4- 6 || total
-------------------------+-------+-------++-------
Melee: Unarmed           |   114 |       ||   114
       Tailslap          |    18 |     4 ||    22
       Punch             |     2 |       ||     2
       Dagger            |    28 |     7 ||    35
       Spear             |       |    58 ||    58
Throw: Dart              |       |    10 ||    10
  Use: Scroll            |     5 |       ||     5
       Potion            |     1 |       ||     1
 Stab: Sleeping          |     1 |     3 ||     4
Armor: Skin              |    23 |     4 ||    27
Dodge: Dodged            |   103 |    43 ||   146
